Map: Zen LE

Players

AGOElazer (Elazer) - Winner!

  • Race: Zerg Zerg
  • League: Grandmaster
  • Spawn Location: 1:00

Serral

  • Race: Zerg Zerg
  • League: Master
  • Spawn Location: 7:00

Event: StayAtHomestory Cup #1

VOD

Have the link to the VOD?

Description

Time

  • Played on: April 11, 2020, 10:09 a.m.
  • Length: 12:18

All games in this series

Show
View Real Time Build Order
Export as new Build Order

AGOElazer Zerg - Winner!

Build Orders: Hatch First, Roach Nydus 

Get SALT Encoding   

  12  0:00  Drone  
  13  0:12  Overlord  
  13  0:17  Drone  
  14  0:30  Drone x2  
  16  0:48  Hatchery  
  15  0:51  Drone  
  15  0:54  Drone  
  17  0:57  Drone  
  18  1:05  Extractor  
  17  1:13  Spawning Pool  
  17  1:16  Drone  
  17  1:20  Drone  
  18  1:28  Drone  
  19  1:39  Drone  
  20  1:49  Drone  
  21  2:01  Queen  
  21  2:04  Zergling x2  
  21  2:05  Zergling x2  
  21  2:08  Lair  
  25  2:11  Drone x2  
  27  2:21  Drone, Overlord  
  28  2:26  Extractor  
  27  2:33  Drone  
  28  2:39  Queen  
  28  2:41  Drone  
  28  2:43  Drone x2  
  33  2:51  Roach Warren  
  33  2:54  Drone  
  33  3:04  Overlord  
  33  3:05  Queen  
  33  3:09  Nydus Network  
  34  3:16  Overlord  
  34  3:31  Roach x4  
  41  3:37  Roach  
  42  3:44  Roach  
  42  3:45  Nydus Canal  
  44  3:50  Roach  
  46  3:56  Roach  
  46  3:59  Queen  
  46  4:01  Overlord  
  50  4:09  Roach  
  52  4:13  Nydus Canal  
  52  4:19  Roach  
  52  4:20  Roach x2  
  58  4:29  Roach  
  56  4:35  Roach  
  56  4:41  Roach x2  
  60  4:47  Queen  
  60  4:49  Roach  
  60  4:56  Roach  
  60  5:05  Queen  
  60  5:16  Overlord  
  58  5:23  Queen  
  58  5:26  Roach x2  
  60  5:33  Roach x4  
  54  5:46  Roach x3  
  56  5:54  Glial Reconstitution  
  56  5:55  Drone x2  
  50  5:57  Drone  
  50  5:59  Drone  
  50  6:01  Drone  
  53  6:09  Roach x2  
  57  6:20  Overlord  
  57  6:21  Drone x2, Evolution Chamber  
  58  6:31  Drone x4  
  62  6:33  Drone  
  62  6:37  Drone x2  
  65  6:41  Overseer  
  65  6:45  Drone x2  
  67  6:57  Extractor  
  67  6:58  Zerg Missile Weapons Level 1  
  66  7:03  Hatchery, Overlord  
  66  7:05  Roach  
  67  7:11  Overlord  
  67  7:16  Overlord  
  67  7:21  Roach x4  
  75  7:26  Ravager  
  75  7:28  Overlord  
  75  7:29  Overseer  
  76  7:32  Overseer, Roach x2  
  80  7:38  Queen  
  80  7:42  Roach x3  
  88  7:45  Overlord  
  88  7:47  Roach  
  88  7:49  Roach  
  92  7:52  Roach  
  92  7:57  Roach x2  
  98  8:04  Roach  
  100  8:06  Overlord  
  100  8:08  Overlord  
  100  8:18  Roach x3  
  107  8:27  Ravager  
  103  8:37  Roach x3  
  107  8:44  Roach x2  
  105  8:54  Roach x2  
  99  8:58  Extractor, Drone x11  
  107  9:11  Overlord  
  107  9:18  Overlord  
  107  9:20  Roach x2  
  107  9:23  Extractor  
  110  9:26  Drone x2  
  112  9:34  Roach x6  
  124  9:38  Overlord  
  124  9:41  Roach x2  
  128  9:48  Overlord  
  128  9:50  Roach  
  130  10:04  Roach x8  
  123  10:08  Roach x2  
  123  10:14  Roach x5  
  113  10:21  Nydus Canal  
  113  10:22  Roach  
  113  10:23  Roach x2  
  113  10:25  Roach  
  121  10:31  Roach x2  
  121  10:32  Roach  
  127  10:42  Nydus Canal  
  123  10:46  Drone x6  
  123  10:47  Evolution Chamber  
  120  10:54  Roach x3  
  120  10:56  Ravager  
  127  10:57  Ravager  
  127  10:58  Roach  
  127  11:00  Ravager x2  
  127  11:01  Roach  
  134  11:06  Roach x2  
  134  11:10  Roach  
  134  11:11  Roach  
  142  11:20  Roach x2  
  142  11:29  Nydus Canal  
  139  11:37  Overlord x3  
  129  11:45  Roach  
  129  11:46  Roach  
  120  11:53  Roach x10  
  122  11:58  Roach x2  
Show
View Real Time Build Order
Export as new Build Order

Serral Zerg 

Build Orders: Hatch First 

Get SALT Encoding   

  12  0:00  Drone  
  13  0:12  Overlord  
  13  0:17  Drone  
  14  0:30  Drone x2  
  16  0:48  Hatchery  
  15  0:52  Drone  
  15  0:55  Drone  
  17  0:59  Drone  
  18  1:08  Extractor  
  17  1:14  Spawning Pool  
  17  1:17  Drone  
  17  1:20  Drone  
  18  1:27  Drone  
  19  1:38  Drone  
  20  1:49  Drone  
  21  2:00  Queen, Overlord  
  21  2:01  Zergling x2, Queen  
  26  2:10  Metabolic Boost  
  26  2:12  Drone x2  
  28  2:21  Drone x2  
  30  2:34  Hatchery  
  29  2:37  Zergling x2  
  29  2:40  Zergling x2  
  31  2:46  Evolution Chamber  
  31  2:51  Overlord  
  30  2:52  Drone  
  30  2:54  Drone  
  30  2:57  Drone  
  34  3:05  Drone x2  
  34  3:09  Drone x3  
  38  3:18  Drone  
  39  3:21  Drone  
  39  3:25  Drone x2  
  42  3:27  Drone  
  42  3:31  Overlord  
  43  3:38  Roach Warren  
  43  3:40  Zergling x4  
  44  3:47  Queen  
  44  3:48  Zergling x2  
  47  3:53  Zergling x2  
  47  3:54  Zergling x4  
  50  3:57  Overlord  
  50  4:00  Zergling x4  
  50  4:01  Zergling x2  
  53  4:05  Zergling x4  
  53  4:07  Zergling x2  
  56  4:13  Zergling x6  
  55  4:25  Zergling x12  
  54  4:32  Zergling x4  
  52  4:41  Roach x3  
  52  4:54  Zergling x6  
  52  4:59  Zergling x4  
  55  5:06  Ravager x2  
  52  5:07  Zergling x4, Roach x2  
  52  5:10  Extractor  
  55  5:17  Zergling x6  
  47  5:29  Zergling x6  
  47  5:33  Zergling x4  
  47  5:34  Queen  
  44  5:39  Zergling x2  
  44  5:41  Zergling x2  
  42  5:45  Zergling x2  
  42  5:54  Zergling x6  
  45  5:57  Queen  
  47  6:05  Drone  
  47  6:06  Drone x2  
  47  6:08  Ravager  
  51  6:24  Drone x2  
  51  6:25  Drone x2  
  55  6:26  Roach  
  55  6:29  Overlord  
  57  6:33  Overlord  
  57  6:44  Zerg Ground Armor Level 1  
  57  6:51  Roach  
  59  6:55  Roach  
  59  7:00  Drone x4  
  65  7:05  Drone x2  
  65  7:06  Drone  
  68  7:09  Ravager  
  68  7:14  Overlord  
  69  7:17  Roach  
  69  7:20  Overlord  
  69  7:22  Overlord  
  71  7:29  Roach  
  73  7:36  Roach x4  
  81  7:42  Overlord  
  81  7:47  Roach x2  
  85  7:53  Queen  
  85  7:54  Overlord  
  87  7:58  Roach  
  87  7:59  Zergling x2  
  87  8:00  Zergling x2  
  90  8:06  Zergling x2  
  90  8:07  Zergling x6  
  90  8:12  Overlord  
  94  8:13  Zergling x2  
  94  8:17  Ravager x2  
  97  8:20  Zergling x6  
  99  8:31  Zergling x12  
  99  8:44  Zergling x6  
  99  8:45  Zergling x10  
  82  8:56  Zergling x2  
  82  8:57  Zergling x8  
  82  9:02  Roach  
  89  9:04  Ravager  
  89  9:05  Roach  
  92  9:10  Roach  
  92  9:14  Ravager  
  92  9:15  Ravager  
  92  9:16  Zergling x10  
  101  9:23  Zergling x6  
  101  9:24  Zergling x4  
  106  9:31  Overlord  
  106  9:36  Zergling x2  
  106  9:37  Zergling x8  
  111  9:39  Ravager x2  
  111  9:42  Overlord  
  113  9:52  Zergling x10  
  112  10:04  Zergling x2  
  112  10:05  Zergling x12  
  103  10:13  Zergling x6  
  91  10:17  Zergling x10  
  90  10:25  Roach x3  
  96  10:33  Roach  
  96  10:34  Roach  
  100  10:36  Roach  
  100  10:42  Roach x3  
  105  10:52  Zergling x18  
  114  10:59  Ravager  
  114  11:00  Ravager  
  114  11:02  Zergling x6  
  119  11:05  Ravager  
  119  11:11  Zergling x8  
  123  11:15  Zergling x4  
  126  11:23  Zergling x14  
  131  11:29  Ravager  
  126  11:36  Zergling x8  
  124  11:46  Zergling x2  
  124  11:47  Zergling x6  
  114  11:52  Zergling x2  
  114  11:53  Zergling x6  
  103  11:59  Zergling x2, Roach  
  82  12:13  Ravager  
Tags
 
Add a new tag
Caveats
  • Supply blocks, unpowered buildings, or Contaminate may cause inaccurate times.
  • Supply counts are checked every 10 seconds.